 Dungeon Crawl Stone Soup version 0.28.0 (webtiles) character file.

Game seed: 4737095849369291106

105 Ayyar the Chopper (level 4, -5/38 (41) HPs)
             Began as a Hill Orc Monk on Apr 14, 2022.
             Slain by a gnoll (6 damage)
             ... on level 2 of the Dungeon.
             The game lasted 00:04:09 (1671 turns).

Ayyar the Chopper (Hill Orc Monk)                   Turns: 1671, Time: 00:04:10

HP:   -5/38 (41)    AC:  7    Str: 15    XL:     4   Next: 81%
MP:   4/4           EV: 10    Int: 10    God:
Gold: 27            SH:  0    Dex: 13    Spells: 3/3 levels left

rFire   . . .      SeeInvis +   a - +0 hand axe
rCold   . . .      Faith    .   (no shield)
rNeg    . . .      Spirit   .   h - +0 scale mail
rPois   .          Reflect  .   (no helmet)
rElec   .          Harm     .   (no cloak)
rCorr   .          Rampage  .   m - +0 pair of gloves
Will    .....                   (no boots)
Stlth   +.........              (no amulet)
HPRegen 0.12/turn               b - ring of see invisible
MPRegen 0.09/turn               (no ring)

@: drained
A: claws 1, noise suppression
a: no special abilities


You were on level 2 of the Dungeon.
You visited 1 branch of the dungeon, and saw 2 of its levels.

You collected 27 gold pieces.

Inventory:

Hand Weapons
 a - a +0 hand axe (weapon)
Missiles
 o - 2 throwing nets (quivered)
Armour
 h - a +0 scale mail (worn)
 m - a +0 pair of gloves (worn)
Jewellery
 b - a ring of see invisible (left hand)
 r - a ring of ice
Scrolls
 d - 5 scrolls of identify {unknown}
 i - a scroll of immolation {unknown}
 j - a scroll of fear {unknown}
 k - a scroll of noise {unknown}
 l - a scroll of summoning {unknown}
 p - 2 scrolls of silence {unknown}
Potions
 f - a potion of invisibility {unknown}
 g - a potion of might
 n - a potion of flight {unknown}
 q - a potion of curing {unknown}


   Skills:
 + Level 4.5 Fighting
 + Level 4.9 Axes
 + Level 3.0 Dodging
 + Level 2.5 Stealth


You had 3 spell levels left.
You didn't know any spells.
Your spell library was empty.

Dungeon Overview and Level Annotations

Branches:
Dungeon (2/15)

Altars:


Innate Abilities, Weirdness & Mutations

You have sharp fingernails.
You passively dampen the noise of your surroundings.


Message History

You hit the gnoll.
The gnoll is severely wounded.
The gnoll hits you but does no damage.
You slash the gnoll!
You kill the gnoll!
You hit the gnoll.
The gnoll is lightly wounded.
The gnoll closely misses you.
You barely miss the gnoll.
The gnoll is lightly wounded.
The gnoll closely misses you.
You hit the gnoll.
The gnoll is moderately wounded.
The gnoll hits you with a +1 flail of draining!
* * * LOW HITPOINT WARNING * * *
You feel drained.
* * * LOW HITPOINT WARNING * * *
You hit the gnoll.
The gnoll is severely wounded.
The gnoll closely misses you.
It was a potion of mutation.
You feel extremely strange.
You feel your surroundings grow quieter.
Your fingernails lengthen.
The gnoll barely misses you.
You closely miss the gnoll.
The gnoll is severely wounded.
The gnoll closely misses you.
You closely miss the gnoll.
The gnoll is severely wounded.
The gnoll hits you with a +1 flail of draining.
* * * LOW HITPOINT WARNING * * *
You feel drained.
You hit the gnoll but do no damage.
The gnoll is severely wounded.
The gnoll barely misses you.
You hit the gnoll.
The gnoll is almost dead.
The gnoll closely misses you.
The gnoll hits you with a +1 flail of draining.
You die...

..........####...#####
+g........+...........
.........####...#####
....... #..## .....
#.## ... #.##### #(#
#.....# #g# #####.#
#@# #.# #######.## #.#
#........### #.#
#.###......## #.#
##....).# #.#
#......########.#
#......)........#
........###########
#########


You could see a gnoll.

Vanquished Creatures
  Jessica (D:2)
  3 gnolls (D:2)
  An adder (D:2)
  2 dart slugs (D:1)
  2 ball pythons (D:1)
  5 bats
  An endoplasm (D:1)
  A giant cockroach (D:1)
  4 goblins (D:1)
  4 hobgoblins (D:1)
  5 kobolds
  2 quokkas
  2 frilled lizards (D:1)
  3 rats (D:1)
36 creatures vanquished.

Notes
Turn   | Place    | Note
-------+----------+-------------------------------------------
     0 | D:1      | Ayyar the Hill Orc Monk began the quest for the Orb.
     0 | D:1      | Reached XP level 1. HP: 19/19 MP: 1/1
   173 | D:1      | Reached XP level 2. HP: 23/27 MP: 2/2
   533 | D:1      | Reached XP level 3. HP: 32/33 MP: 3/3
  1376 | D:2      | Noticed Jessica
  1384 | D:2      | Killed Jessica
  1385 | D:2      | Reached XP level 4. HP: 31/41 MP: 4/4
  1667 | D:2      | Gained mutation: You passively dampen the noise of your
                  | surroundings. [potion of mutation]
  1667 | D:2      | Gained mutation: You have sharp fingernails. [potion of
                  | mutation]
  1669 | D:2      | HP: 1/39 [gnoll (4)]
  1671 | D:2      | Slain by a gnoll

Illustrated notes

Levels and vault maps discovered:
D:1:      lightli_arrival_boilingwater, layout_basic
D:2:      layout_loops_corners, basic_altar, uniq_jessica

Skill      XL: |  1  2  3  4 |
---------------+-------------+-----
Stealth        | 2 |  2.5
Fighting       | 4 |  4.5
Dodging        | 3 |  3.0
Axes           | |  4.9

Action                   |  1- 3 |  4- 6 || total
-------------------------+-------+-------++-------
Melee: Hand axe          |   124 |    35 ||   159
       Punch             |     1 |       ||     1
Throw: Dart              |       |     3 ||     3
  Use: Potion            |       |     1 ||     1
 Stab: Invisible         |       |     1 ||     1
Armor: Robe              |     8 |       ||     8
       Scale mail        |    24 |    10 ||    34
Dodge: Dodged            |    84 |    24 ||   108
